 Dungeon Crawl Stone Soup version 0.21.1-1-g345015f (webtiles) character file.

2510 sking99 the Cleaver (level 9, -7/77 HPs)
             Began as a Hill Orc Fighter on June 14, 2018.
             Was a Follower of Yredelemnul.
             Mangled by a komodo dragon (12 damage)
             ... on level 7 of the Dungeon.
             The game lasted 00:29:29 (7685 turns).

sking99 the Cleaver (Hill Orc Fighter)              Turns: 7685, Time: 00:29:29

Health: -7/77      AC: 10    Str: 27    XL:     9   Next: 53%
Magic:  10/10      EV:  7    Int:  8    God:    Yredelemnul [*.....]
Gold:   400        SH: 12    Dex: 10    Spells: 8/8 levels left

rFire    . . .     SeeInvis .   C - +8 hand axe of the Philosopher {pain, +Rage rElec rC- rN+++}
rCold    x . .     Gourm    .   c - +1 shield
rNeg     + + +     Faith    .   m - +0 chain mail
rPois    .         Spirit   .   (no helmet)
rElec    +         Reflect  .   (no cloak)
rCorr    .         Harm     .   (no gloves)
MR       .....                  (no boots)
Stlth    ..........             (no amulet)
HPRegen  0.22/turn              (no ring)
MPRegen  0.12/turn              (no ring)

@: mighty
A: no striking features
a: Animate Remains, Renounce Religion, Evoke Berserk Rage


You were on level 7 of the Dungeon.
You worshipped Yredelemnul.
Yredelemnul was aware of your devotion.
You were not hungry.

You visited 2 branches of the dungeon, and saw 8 of its levels.

You collected 400 gold pieces.

Inventory:

Hand Weapons
 a - a +0 war axe
 l - a +1 hand axe of chopping
 C - the +8 hand axe of the Philosopher (weapon) {pain, +Rage rElec rC- rN+++}
   (You found it on level 6 of the Dungeon)

   In the hands of one skilled in necromantic magic, it inflicts extra damage on
   living creatures.
   It makes you vulnerable to cold.
   It insulates you from electricity.
   It renders you almost immune to negative energy.
   It lets you go berserk.
Armour
 b - a +0 scale mail
 c - a +1 shield (worn)
 m - a +0 chain mail (worn)
Jewellery
 e - an uncursed ring of flight {unknown}
 j - an uncursed ring of positive energy {unknown}
 u - a +5 ring of dexterity {unknown}
 w - an uncursed ring of ice {unknown}
 D - a cursed ring of loudness {unknown}
Wands
 p - a wand of iceblast (6)
 q - a wand of digging (15)
Scrolls
 g - 6 scrolls of identify
 i - 3 scrolls of remove curse
 k - a scroll of fog {unknown}
 s - a scroll of immolation {unknown}
 v - a scroll of teleportation
 x - a scroll of amnesia {unknown}
 y - a scroll of torment {unknown}
 z - a scroll of magic mapping
 B - a scroll of blinking
 E - a scroll of enchant weapon {unknown}
Potions
 d - a potion of might
 h - a potion of curing
 o - a potion of cancellation {unknown}
 r - 2 potions of haste {unknown}
 t - a potion of brilliance {unknown}
 A - a potion of agility {unknown}
Books
 n - a book of Minor Magic

   Spells                             Type                      Level
   a - Magic Dart                     Conjuration                  1
   b - Blink                          Translocation                2
   c - Call Imp                       Summoning                    2
   d - Slow                           Hexes                        2
   e - Conjure Flame                  Conjuration/Fire             3
   f - Mephitic Cloud                 Conjuration/Poison/Air       3
Comestibles
 f - 9 rations


   Skills:
 + Level 6.3 Fighting
 + Level 10.8 Axes
 + Level 7.5 Armour
 - Level 1.1 Dodging
 - Level 0.5 Stealth
 + Level 6.1 Shields
 + Level 1.2 Invocations
 * Level 2.4 Evocations


You had 8 spell levels left.
You didn't know any spells.

Dungeon Overview and Level Annotations

Branches:
Dungeon (7/15)             Temple (1/1) D:5

Altars:
Ashenzari
Cheibriados
Dithmenos
Fedhas
Gozag
Hepliaklqana
Kikubaaqudgha
Okawaru
Qazlal
Ru
Sif Muna
Uskayaw
Vehumet
Wu Jian
Yredelemnul
Zin
The Shining One
Beogh


Message History

Your worker ant zombie is destroyed!
Things that are here:
a dagger; a robe; a giant spiked club You feel very mighty all of a sudden.
The phantom blinks!
The komodo dragon bites your orc zombie!
Your orc zombie is destroyed!
The phantom barely misses you.
You closely miss the phantom.
The phantom is severely damaged.
You block the phantom's attack.
You closely miss the phantom.
The phantom is severely damaged.
You block the phantom's attack.
You slash the phantom!
You destroy the phantom!
Yredelemnul accepts your kill.
You barely miss the komodo dragon. The komodo dragon bites you!
You die...
Your body rises from the dead as a mindless zombie.

#....|###. #.#.##.#..# #
#.#!###..# #.#....)..# ###
#†###..#####.####)##.# ..###
#.#..# ##..#.#..#.##.# ....###
#..#####...#.#..#.##.# .##...###
##)###..#..#.#..#.##.# #####...##
##).#..#..#.#....##.#
...####..###..#l.#..#.#.##.####.#
.......#...####.@#..#.#.........#
...###.###...###..#Z.##....######
.......#####...####..##.#..#
..........##.#.Z.###.Z#....#
#..............#.Z.###Z....#
###ZZ.......##Z###.Z....####
....#.........Z..########
.####.##.........# .#
#.##....<....#######


You could see a komodo dragon.

Vanquished Creatures
  The ghost of Ethylacetat the Slasher, an amateur DsFi (D:4)
  An ice beast (D:5)
  2 orc warriors
  3 phantoms
  5 ogres
  A centaur (D:5)
  2 bullfrogs (D:5)
  2 scorpions
  2 howler monkeys (D:5)
  Crazy Yiuf (D:3)
  2 centaur skeletons
  2 gnoll shamans (D:6)
  6 orc priests
  5 orc wizards
  Jessica (D:3)
  2 worker ants
  An iguana (D:4)
  19 gnolls
  10 adders
  An ooze (D:1)
  An adder skeleton (D:4)
  2 worms
  2 dart slugs (D:2)
  2 leopard geckos
  24 orcs
  5 bats
  5 giant cockroaches
  11 goblins
  4 hobgoblins (D:1)
  2 jackals (D:1)
  9 kobolds
  3 quokkas
  2 ball pythons (D:3)
  3 frilled lizards
  A leopard gecko skeleton (D:4)
  6 rats (D:1)
151 creatures vanquished.

Vanquished Creatures (collateral kills)
  A jackal skeleton (D:6)
1 creature vanquished.

Vanquished Creatures (others)
  A worker ant zombie (D:7)
  A frilled lizard (D:2)
  3 orc zombies (D:7)
5 creatures vanquished.

Grand Total: 157 creatures vanquished

Notes
Turn   | Place    | Note
-------+----------+-------------------------------------------
     0 | D:1      | sking99 the Hill Orc Fighter began the quest for the Orb.
     0 | D:1      | Reached XP level 1. HP: 19/19 MP: 1/1
   148 | D:1      | Reached XP level 2. HP: 24/27 MP: 2/2
   348 | D:1      | Reached XP level 3. HP: 31/33 MP: 3/3
   388 | D:1      | Reached skill level 3 in Axes
  1505 | D:2      | Reached XP level 4. HP: 35/40 MP: 4/4
  1978 | D:3      | Reached skill level 4 in Axes
  2046 | D:3      | Found a runed door.
  2189 | D:3      | Reached XP level 5. HP: 42/46 MP: 5/5
  2318 | D:3      | Noticed Jessica
  2329 | D:3      | Killed Jessica
  2329 | D:3      | Reached skill level 5 in Axes
  2547 | D:3      | Noticed Crazy Yiuf
  2559 | D:3      | Killed Crazy Yiuf
  2935 | D:4      | Reached XP level 6. HP: 38/53 MP: 6/6
  2974 | D:4      | Noticed Ethylacetat's ghost (amateur DsFi)
  3286 | D:4      | Reached skill level 5 in Armour
  3448 | D:4      | Reached skill level 6 in Axes
  3936 | D:3      | Reached XP level 7. HP: 30/60 MP: 7/7
  4287 | D:4      | Killed Ethylacetat's ghost
  4287 | D:4      | Reached skill level 7 in Axes
  4620 | D:4      | Found a roughly hewn altar of Beogh.
  4945 | D:4      | Reached XP level 8. HP: 65/67 MP: 8/8
  5057 | D:5      | Entered Level 5 of the Dungeon
  5075 | D:5      | Reached skill level 5 in Fighting
  5075 | D:5      | Reached skill level 8 in Axes
  5075 | D:5      | Reached skill level 1 in Dodging
  5142 | D:5      | Found a staircase to the Ecumenical Temple.
  5150 | Temple   | Entered the Ecumenical Temple
  5290 | Temple   | Became a worshipper of Yredelemnul the Dark
  5362 | D:5      | Reached skill level 5 in Shields
  5672 | D:5      | Found a hide-covered altar of Uskayaw.
  5687 | D:5      | Reached skill level 9 in Axes
  5838 | D:5      | Found a shadowy altar of Dithmenos.
  5944 | D:5      | Found a blossoming altar of Fedhas.
  6279 | D:5      | Reached XP level 9. HP: 67/75 MP: 9/9
  6282 | D:5      | Reached skill level 10 in Axes
  6283 | D:5      | Reached skill level 1 in Evocations
  6732 | D:6      | Reached * piety under Yredelemnul
  6997 | D:6      | Got a jewelled hand axe
  6998 | D:6      | Identified the +8 hand axe of the Philosopher {pain, +Rage rElec rC- rN+++} (You found it on level 6 of the Dungeon)
  7646 | D:7      | Reached skill level 1 in Invocations
  7649 | D:7      | Noticed a komodo dragon
  7685 | D:7      | Mangled by a komodo dragon

Skill      XL: |  1  2  3  4  5  6  7  8  9 |
---------------+----------------------------+-----
Fighting       | 4 5 6 |  6.3
Axes           | 3 4 5 6 7 9 10 | 10.8
Armour         | 4 5 6 7 |  7.5
Shields        | 4 5 6 |  6.1
Dodging        | 1 |  1.1
Evocations     | 2 |  2.4
Invocations    | 1 |  1.2
Stealth        | |  0.5

Action                   |  1- 3 |  4- 6 |  7- 9 || total
-------------------------+-------+-------+-------++-------
Melee: War axe           |   133 |   160 |   224 ||   517
       Hand axe          |       |       |    66 ||    66
Invok: Animate Remains   |       |       |     9 ||     9
Evoke: Wand              |       |     1 |       ||     1
  Use: Scroll            |       |     7 |     1 ||     8
       Potion            |       |     3 |     2 ||     5
  Eat: Ration            |     2 |       |     4 ||     6
       Chunk             |       |     2 |     4 ||     6
Armor: Scale mail        |    65 |    59 |       ||   124
       Chain mail        |       |       |    99 ||    99
Dodge: Dodged            |    48 |    32 |    58 ||   138
Block: Shield            |    63 |    77 |   145 ||   285
